 BcadrenCrawl: Boulder Brew version 0.04.2-15-ge27eb88979 (webtiles) character file.

Game seed: 12084842041895174497, levelgen mode: deterministic

503 diana the Slasher (level 7, -2/68 HPs) Human Gladiator. Began on May 15, 2021. Slain by a big kobold ... wielding a cursed +1 dagger of electrocution {(Curse: Fragile)} (8 damage) ... on level 2 of the Dungeon. The game lasted 00:02:54 (1319 turns).

diana the Slasher (Human Gladiator)                 Turns: 1319, Time: 00:02:56

Health: -2/68      AC:  4    Str: 16    XL:     7 ^: 290
Magic:  8/8        EV: 14    Int:  8    God:
Gold:   40         SH:  0    Dex: 15    Spells: 6/6 levels left

rFire    . . .     Vision   .   a - +0 long sword
rCold    x . .     Gourm    .   g - +0 buckler
rNeg     . . .     Faith    .   b - +0 leather armour
rPois    .         Spirit   .   c - +0 helmet
rElec    .         Reflect  .   (no cloak)
rCorr    .         Harm     .   (no gloves)
MR       .....                  (no boots)
Stlth    +.........             k - amulet of Vitality {Regen+ HP+15, (Curse: rC-)} (curse)
HPRegen  0.72/turn              (no ring)
MPRegen  0.18/turn              (no ring)

@: confused, lethally poisoned (-2 -> -6)
A: no striking features
a: no special abilities


You were on level 2 of the Dungeon.
You were hungry.

You visited 1 branch of the dungeon, and saw 2 of its levels.

You collected 40 gold pieces.

Inventory:

Weapons
 a - a +0 long sword (weapon) Shields
 g - a +0 buckler (shield)
Armour
 b - a +0 leather armour (worn)
 c - a +0 helmet (worn)
Jewellery
 k - the cursed amulet of Vitality (around neck) {Regen+ HP+15, (Curse: rC-)}
   (You found it on level 2 of the Dungeon)

   [amulet of regeneration]

   It affects your health (+15).
   It increases your rate of regeneration.
   It has a curse placed upon it.
   { (Curse: rC-)}
Wands
 d - a wand of ensnaring (9)
Potions
 h - a potion of might
 i - a potion of haste
 j - a potion of heal wounds
Comestibles
 f - a ration


   Skills:
 + Level 3.7 Fighting
 * Level 5.5 Long Blades
 + Level 4.4 Dodging
 + Level 2.8 Shields
 - Level 2.0 Evocations


You had 6 spell levels left.
You didn't know any spells.
Your spell library was empty.

Dungeon Overview and Level Annotations

Branches:
Dungeon (2/8)

Altars:


Message History

The big kobold barely misses you (0). The kobold barely misses you (0).
Are you sure you want to stumble around while confused and next to the non-hostile giant blowfly? [Y]es or [N]o only, please.
Are you sure you want to stumble around while confused and next to the non-hostile giant blowfly?
You're too confused to move!
You feel sick. (2)
The big kobold hits you with a cursed +1 dagger of electrocution {(Curse: Fragile)} (4).
* * * LOW HITPOINT WARNING * * *
You are shocked (5).
* * * LOW HITPOINT WARNING * * *
The kobold hits you with a cursed +2 dagger of venom {(Curse: Fragile rC-)} (1).
* * * LOW HITPOINT WARNING * * *
Are you sure you want to stumble around while confused and next to the non-hostile giant blowfly?
You hit the big kobold but do no damage.
The big kobold is almost dead. (4/29) HP You feel sick. (2)
The big kobold hits you with a cursed +1 dagger of electrocution {(Curse: Fragile)} (2).
* * * LOW HITPOINT WARNING * * *
You are shocked (8)!
You die...

#....≈≈≈≈# #.≈≈..≈≈≈#
#≈≈≈≈...≈# #≈≈≈≈≈≈≈.#
#.≈≈≈≈≈≈.# ###
#...≈≈≈≈≈# ..#P≈.#
#≈≈..KK..#
.......≈##≈≈≈≈@)≈.#
≈.......##≈≈≈≈b)≈.##
........##.≈≈≈≈≈≈..#
........##≈..≈.≈≈.....
≈........#.≈.....≈#...
#.≈........≈≈≈≈≈≈≈# ##
#≈........≈≈≈≈≈≈.#
##.....≈#≈≈≈≈....#
##≈.##≈#..≈≈≈≈≈≈#


You could see a big kobold and a kobold.

Vanquished Creatures
  A crocodile (D:2)
  3 big kobolds (D:2)
  3 giant cockroaches
  An adder (D:2)
  9 sewer rats
  A worm (D:1)
  4 cinder newts
  An ooze (D:2)
  A dart slug (D:1)
  2 leopard geckos (D:1)
  An adder skeleton (D:2)
  6 bats
  3 goblins (D:1)
  6 hobgoblins (D:1)
  A ball python (D:1)
  A bat skeleton (D:2)
  21 kobolds
  6 rats
  A withered plant (D:2)
72 creatures vanquished.

Vanquished Creatures (others)
  A crocodile (D:2)
  A jelly (D:2)
  A giant cockroach (D:2)
  An ooze (D:2)
  2 kobolds (D:2)
  A rat (D:2)
  3 giant blowflies (D:2)
  4 slimeheads (D:2)
  46 withered plants (D:2)
60 creatures vanquished.

Grand Total: 132 creatures vanquished

Notes
Turn   | Place    | Note
-------+----------+-------------------------------------------
     0 | D:1      | diana the Human Gladiator began the quest for the Orb.
     0 | D:1      | Reached XP level 1. HP: 16/16 MP: 2/2
    88 | D:1      | Reached XP level 2. HP: 22/22 MP: 3/3
   204 | D:1      | Reached XP level 3. HP: 25/27 MP: 4/4
   282 | D:1      | Reached skill level 1 in Shields
   325 | D:1      | Reached XP level 4. HP: 34/34 MP: 5/5
   603 | D:1      | Reached skill level 4 in Long Blades
   679 | D:1      | Reached XP level 5. HP: 24/39 MP: 6/6
   889 | D:2      | Reached XP level 6. HP: 22/47 MP: 7/7
  1021 | D:2      | Found the cursed amulet of Vitality {Regen+ HP+15, (Curse:
                  | rC-)}
  1037 | D:2      | Reached skill level 5 in Long Blades
  1184 | D:2      | Reached XP level 7. HP: 50/52 MP: 8/8
  1319 | D:2      | Slain by a big kobold

Levels and vault maps discovered:
D:1:      saegor_arrival_simple_c, layout_loops_ring
D:2:      layout_sewer, sewer_frog_pond, first_ration

Skill      XL: |  1  2  3  4  5  6 |
---------------+-------------------+-----
Shields        | 1 2 |  2.8
Long Blades    | 4 5 |  5.5
Fighting       | 3 |  3.7
Dodging        | 4 |  4.4
Evocations     | |  2.0

Action                   |  1- 3 |  4- 6 |  7- 9 || total
-------------------------+-------+-------+-------++-------
Melee: Long sword        |    28 |    76 |    33 ||   137
  Use: Potion            |       |       |     1 ||     1
 Stab: Sleeping          |       |     2 |       ||     2
  Eat: Chunk             |       |     1 |       ||     1
Armor: Leather armour    |    10 |    17 |     3 ||    30
Dodge: Dodged            |    22 |    83 |    27 ||   132
Block: Buckler           |     1 |     7 |     1 ||     9
       Rpst.: Long sword |     8 |    34 |    12 ||    54
